 Dungeon Crawl Stone Soup version 0.29.1-15-g9cfb28693d (webtiles) character file.

Game seed: 5575406347071715406

6 tizbic2 the Caller (level 1, -3/18 HPs)
             Began as an Ogre Summoner on Mar 7, 2023.
             Frozen to death by an endoplasm (4 damage)
             ... on level 1 of the Dungeon.
             The game lasted 00:01:38 (358 turns).

tizbic2 the Caller (Ogre Summoner)                   Turns: 358, Time: 00:01:38

Health: -3/18      AC:  3    Str: 11    XL:     1   Next: 90%
Magic:  2/4        EV:  9    Int: 16    God:
Gold:   17         SH:  0    Dex:  9    Spells: 4/5 levels left

rFire   . . .      SeeInvis .   d - +0 club
rCold   . . .      Faith    .   (no shield)
rNeg    . . .      Spirit   .   a - +0 robe
rPois   .          Reflect  .   (helmet restricted)
rElec   .          Harm     .   (no cloak)
rCorr   .          Rampage  .   (gloves unavailable)
Will    .....                   (boots unavailable)
Stlth   +.........              (no amulet)
HPRegen 0.06/turn               (no ring)
MPRegen 0.09/turn               (no ring)

@: flying
A: large, unfitting armour, tough skin 1
a: no special abilities


You were on level 1 of the Dungeon.
You visited 1 branch of the dungeon, and saw 1 of its levels.

You collected 17 gold pieces.

Inventory:

Hand Weapons
 d - a +0 club (weapon)
Armour
 a - a +0 robe (worn)
Scrolls
 e - a scroll of fear {unknown}
Potions
 b - a potion of magic


   Skills:
 + Level 0.6 Fighting
 - Level 1.7 Dodging
 - Level 1.4 Stealth
 + Level 2.5 Spellcasting
 + Level 3.6 Summonings
 * Level 0.6 Air Magic


You had 4 spell levels left.
You knew the following spells:

 Your Spells              Type           Power      Damage    Failure   Level
a - Summon Small Mammal   Summ           52%        N/A       4%          1

Your spell library contained the following spells:

 Spells                   Type           Power      Damage    Failure   Level
 Call Imp                 Summ           13%        N/A       7%          2
 Call Canine Familiar     Summ           13%        N/A       13%         3
 Summon Guardian Golem    Hex/Summ       7%         N/A       28%         3
 Dazzling Flash           Conj/Hex       4%         N/A       52%         3
 Summon Lightning Spire   Summ/Air       8%         N/A       63%         4
 Hailstorm                Conj/Ice       2%         3d3       89%         4
 Sticky Flame             Conj/Fire      2%         2d3       89%         4
 Fire Storm               Conj/Fire      1%         7d1       100%        9


Dungeon Overview and Level Annotations

Branches:
Dungeon (1/15)

Altars:


Innate Abilities, Weirdness & Mutations

You are too large for most types of armour.
You have tough skin. (AC +1)


Message History

The hobgoblin hits your rat.
Your rat dies!
Your rat's corpse disappears in a puff of smoke!
You hit the endoplasm but do no damage.
The endoplasm is heavily wounded.
The endoplasm barely misses you.
The endoplasm hits you but does no damage.
The hobgoblin hits you.
The endoplasm hits you but does no damage.
The hobgoblin closely misses you.
You hit the endoplasm but do no damage. Your punch misses the endoplasm.
The endoplasm is heavily wounded.
The hobgoblin barely misses you.
Your rat bites the hobgoblin.
The endoplasm barely misses you.
You hit the endoplasm but do no damage.
The endoplasm is heavily wounded.
The hobgoblin hits you.
Your rat barely misses the hobgoblin.
The endoplasm freezes you.
You are frozen.
You barely miss the endoplasm.
The endoplasm is heavily wounded.
Your rat bites the hobgoblin.
The endoplasm hits you.
* * * LOW HITPOINT WARNING * * *
The hobgoblin barely misses you.
You hit the endoplasm. Your punch misses the endoplasm.
The endoplasm is severely wounded.
Your rat barely misses the hobgoblin.
The endoplasm hits you but does no damage.
The hobgoblin barely misses you.
Your rat bites the hobgoblin.
The hobgoblin dies!
The endoplasm freezes you.
You are frozen.
* * * LOW HITPOINT WARNING * * *
You are too injured to fight recklessly!
It was a potion of flight.
You feel very buoyant.
You fly up into the air.
The endoplasm freezes you.
You are frozen.
You die...

#.......# ## ##
#. .....# .# ..
#.##....## .# .#
# #........ .#
.##.#
##.##.#...###
.##....#
............#
..[#
#.##...#...#
...###
#Jr..#...#
.........
#@.#.#.....
..#######
#....#..##...
......
######†.......#
#! .#####
#.....†######.#
.# #.#.####.# .#
## #.#.# #...
#.#.####.###
#######....b##..
#.........#.####


You could see an endoplasm (ally target) and a friendly rat (summoned).

Vanquished Creatures
  A bat (D:1)
  A rat (D:1)
2 creatures vanquished.

Vanquished Creatures (collateral kills)
  2 hobgoblins (D:1)
  A quokka (D:1)
  A kobold (D:1)
4 creatures vanquished.

Grand Total: 6 creatures vanquished

Notes
Turn   | Place    | Note
-------+----------+-------------------------------------------
     0 | D:1      | tizbic2 the Ogre Summoner began the quest for the Orb.
     0 | D:1      | Reached XP level 1. HP: 16/16 MP: 3/3
    17 | D:1      | Got the Vademecum on Conjury
   358 | D:1      | Frozen to death by an endoplasm

Illustrated notes

Levels and vault maps discovered:
D:1:      minmay_arrival_loop, layout_basic, chequers_ecumenical_altar_grove

Action                   || total
-------------------------++-------
Melee: Unarmed           ||    20
       Club              ||     9
 Cast: Summon Small Mamm ||    12
  Use: Potion            ||     1
 Stab: Distracted        ||     1
Armor: Robe              ||    21
Dodge: Dodged            ||    13
